 Dungeon Crawl Stone Soup version 0.27-a0-604-g29a88b33a7 (webtiles) character file.

Game seed: 5787612993511848059

12648 HoaS the Grappler (level 11, 0/72 HPs)
             Began as a Demigod Gladiator on Mar 11, 2021.
             Slain by a starspawn tentacle (1 damage)
             ... attached to a tentacled starspawn
             ... on level 1 of the Abyss on Mar 12, 2021.
             The game lasted 00:23:43 (10648 turns).

HoaS the Grappler (Demigod Gladiator)              Turns: 10648, Time: 00:23:43

Health: 0/72       AC: 17    Str: 33    XL:     11   Next: 38%
Magic:  14/14      EV:  9    Int:  4    God:
Gold:   1626       SH:  0    Dex: 21    Spells: 10/10 levels left

rFire    . . .     SeeInvis .     - Unarmed
rCold    . . .     Faith    .   (no shield)
rNeg     + + .     Spirit   .   s - +0 plate armour
rPois    .         Reflect  .   b - +2 helmet
rElec    .         Harm     .   (no cloak)
rCorr    +         Rampage  .   i - +2 pair of gloves
Will     +....                  z - +2 pair of boots
Stlth    ..........             d - amulet of the acrobat
HPRegen  0.00/turn              y - +6 ring of dexterity
MPRegen  0.14/turn              C - ring "Icvuly" {rN++ rCorr Str+10 Int-2}

@: non-regenerating, diseased, constricted
A: [clumsy 2], [deformed body], [dopey 2], [frail 2], high mp 1, [inhibited
regeneration], forlorn
a: no special abilities


You were on level 1 of the Abyss.
You visited 1 branch of the dungeon, and saw 9 of its levels.
You visited the Abyss 1 time.
You also visited: Bailey.

You collected 1626 gold pieces.

Inventory:

Missiles
 f - 37 poisoned darts
 u - 47 boomerangs (quivered)
Armour
 b - a +2 helmet (worn)
 i - a +2 pair of gloves (worn)
 s - a +0 plate armour (worn)
 z - a +2 pair of boots (worn)
 D - a +0 cloak
Jewellery
 c - a ring of ice
 d - an amulet of the acrobat (around neck)
 h - a +6 ring of dexterity
 t - a ring of protection from fire
 y - a +6 ring of dexterity (right hand)
 B - a ring of resist corrosion
 C - the ring "Icvuly" (left hand) {rN++ rCorr Str+10 Int-2}
   (You found it in a bailey)

   [ring of resist corrosion]

   It affects your strength (+10).
   It affects your intelligence (-2).
   It greatly protects you from negative energy.
   It provides partial protection from all sources of acid and corrosion.
Wands
 a - a wand of random effects (7)
 j - a wand of mindburst (8)
 v - a wand of flame (26)
Scrolls
 o - 6 scrolls of teleportation
 w - 2 scrolls of identify
 A - 2 scrolls of blinking
Potions
 g - 2 potions of attraction
 k - a potion of lignification
 l - 2 potions of invisibility
 m - 3 potions of resistance
 n - 2 potions of haste
 p - a potion of cancellation
 q - 2 potions of flight
 r - 7 potions of curing
 x - a potion of might


   Skills:
 + Level 6.7 Fighting
 - Level 1.7 Throwing
 + Level 6.7 Armour
 + Level 6.7 Dodging
 * Level 13.1 Unarmed Combat


You had 10 spell levels left.
You didn't know any spells.
Your spell library contained the following spells:

 Spells                   Type           Power      Damage    Failure   Level
 Beastly Appendage        Tmut           0%         N/A       99%         1
 Corona                   Hex            0%         N/A       99%         1
 Foxfire                  Conj/Fire      0%         2x1d4     99%         1
 Magic Dart               Conj           0%         1d3       99%         1
 Ensorcelled Hibernation  Hex/Ice        0%         N/A       99%         2
 Searing Ray              Conj           0%         3d3       99%         2
 Wereblood                Tmut           0%         N/A       99%         2
 Confusing Touch          Hex            0%         N/A       100%        3
 Conjure Flame            Conj/Fire      0%         6-21      100%        3
 Dazzling Flash           Conj/Hex       0%         N/A       100%        3
 Inner Flame              Hex/Fire       0%         N/A       100%        3
 Spider Form              Tmut/Pois      0%         N/A       100%        3
 Tukima's Dance           Hex            0%         N/A       100%        3
 Fulminant Prism          Conj/Hex       0%         3d6       100%        4
 Ice Form                 Ice/Tmut       0%         N/A       100%        4
 Iskenderun's Mystic Bla  Conj/Tloc      0%         2d3       100%        4
 Sticky Flame             Conj/Fire      0%         2d3       100%        4
 Blade Hands              Tmut           0%         N/A       100%        5
 Fireball                 Conj/Fire      0%         3d3       100%        5


Dungeon Overview and Level Annotations

Branches:
Dungeon (9/15)             Temple (0/1) D:5          Bailey (visited)
   Lair: D:8-11         Orc: D:9-12

Annotations:
D:9 Erolcha


Innate Abilities, Weirdness & Mutations

Your attributes grow dramatically as you level up.
You have an increased reservoir of magic. (+10% MP)
You shall have no god before yourself.
[You are very clumsy. (Dex -4)]
[Armour fits poorly on your strangely shaped body.]
[You are very dopey. (Int -4)]
[You are very frail. (-20% HP)]
[You do not regenerate when monsters are visible.]


Message History

The starspawn tentacle grabs you.
* * * LOW HITPOINT WARNING * * *
The starspawn tentacle constricts you. Something loses its grip on you.
You pummel the tentacled starspawn!!
The tentacled starspawn is heavily damaged.
The starspawn tentacle grabs you. The starspawn tentacle constricts you.
You punch the tentacled starspawn!
The starspawn tentacle loses its grip on you.
Your punch misses the tentacled starspawn.
The tentacled starspawn is severely damaged.
The tentacled starspawn barely misses you.
The tentacled starspawn engulfs you!
* * * LOW HITPOINT WARNING * * *
An ancient zyme comes into view.
You feel yourself growing ill in the presence of the ancient zyme.
You barely miss the tentacled starspawn.
You punch the tentacled starspawn.
The tentacled starspawn is severely damaged.
The starspawn tentacle grabs you.
* * * LOW HITPOINT WARNING * * *
The starspawn tentacle constricts you.
The starspawn tentacle loses its grip on you.
The tentacle pulls you backwards!
Unknown command.
You hit the starspawn tentacle.
The starspawn tentacle is moderately damaged.
The starspawn tentacle grabs you. The starspawn tentacle constricts you.
The starspawn tentacle loses its grip on you.
The tentacle pulls you backwards!
A tentacle flies out from the starspawn's body!
A starspawn tentacle comes into view.
You hit the starspawn tentacle. You punch the starspawn tentacle!
The starspawn tentacle is almost destroyed.
You feel ill. The starspawn tentacle grabs you.
The starspawn tentacle constricts you.
You hit the starspawn tentacle.
The starspawn tentacle is almost destroyed.
The starspawn tentacle loses its grip on you.
The tentacle pulls you backwards! The starspawn tentacle grabs you.
You die...

####.###..##.##...##
. ......... ... ...
..?#... #..#... #
##.#.#..## ..) . .
...#.....##.###.
#......Λ..#
..#.#..X#...##.# #
##.w.#.....### #
#...@#........
........w..?.∩...
...####.x.#.#.#....
#.[##.#....##
#.......##.#
......... #
...._...... ..#...
...


You could see a tentacled starspawn, an ancient zyme and 2 starspawn tentacles.

Vanquished Creatures
  An orc warlord (Bailey)
  A two-headed ogre (D:9)
  A wretched star (Abyss:1)
  Pikel (D:5)
  The ghost of Nebesus the Cutter, a novice KoBe of Trog (D:6)
  Sigmund (D:3)
  A chaos spawn (Abyss:1)
  A steam dragon (D:8)
  A sky beast (D:6)
  4 orc warriors
  A black bear (D:6)
  3 ice beasts
  5 ogres
  2 phantoms
  3 centaurs
  6 bullfrogs
  A kobold brigand (D:9)
  4 scorpions
  11 killer bees
  A quasit (D:9)
  A bullfrog skeleton (D:6)
  5 hounds
  A jelly (D:7)
  2 orc priests
  2 centaur skeletons (D:7)
  Terence (D:2)
  An iguana (D:6)
  6 orc wizards
  5 worker ants
  A hound skeleton (D:6)
  A worker ant zombie (D:7)
  6 gnolls (D:7)
  A howler monkey skeleton (D:5)
  11 adders
  2 shadow imps
  A white imp (D:7)
  3 ufetubi
  An adder skeleton (D:4)
  5 worms
  A dart slug (D:2)
  6 leopard geckos
  40 orcs
  A giant cockroach (D:1)
  11 goblins
  3 hobgoblins
  12 jackals
  5 quokkas
  A bat (D:3)
  6 frilled lizards
  2 jackal skeletons
  25 kobolds
  A leopard gecko skeleton (D:7)
  A leopard gecko zombie (D:5)
  4 rats
  A starspawn tentacle (Abyss:1)
226 creatures vanquished.

Vanquished Creatures (collateral kills)
  A worm (D:5)
1 creature vanquished.

Vanquished Creatures (others)
  A starspawn tentacle (Abyss:1)
1 creature vanquished.

Grand Total: 228 creatures vanquished

Notes
Turn   | Place    | Note
-------+----------+-------------------------------------------
     0 | D:1      | HoaS the Demigod Gladiator began the quest for the Orb.
     0 | D:1      | Reached XP level 1. HP: 17/17 MP: 3/3
     0 | D:1      | Upgraded the game from 0.27-a0-597-g524d869a0f to
                  | 0.27-a0-604-g29a88b33a7
   258 | D:1      | Reached skill level 3 in Unarmed Combat
   333 | D:1      | Reached XP level 2. HP: 4/24 MP: 4/4
  1201 | D:2      | Reached XP level 3. HP: 29/29 MP: 5/5
  1266 | D:2      | Reached skill level 4 in Unarmed Combat
  1516 | D:2      | Noticed Terence
  1540 | D:2      | Killed Terence
  1541 | D:2      | Reached XP level 4. HP: 4/36 MP: 6/6
  2521 | D:3      | Noticed Sigmund
  2539 | D:3      | Killed Sigmund
  2540 | D:3      | Reached skill level 6 in Unarmed Combat
  2540 | D:3      | Reached XP level 5. HP: 38/41 MP: 7/7
  3098 | D:4      | Noticed an ogre
  3121 | D:4      | Killed an ogre
  3122 | D:4      | Reached skill level 1 in Armour
  3122 | D:4      | Reached XP level 6. HP: 26/50 MP: 8/8
  3912 | D:4      | Reached XP level 7. HP: 49/57 MP: 9/9
  4407 | D:5      | Entered Level 5 of the Dungeon
  4491 | D:5      | Noticed Pikel
  4508 | D:5      | Killed Pikel
  4509 | D:5      | Reached skill level 7 in Unarmed Combat
  4509 | D:5      | Reached XP level 8. HP: 66/66 MP: 10/10
  4528 | D:5      | Found a staircase to the Ecumenical Temple.
  5810 | D:6      | Noticed Nebesus's ghost (novice KoBe)
  5837 | D:6      | Reached skill level 8 in Unarmed Combat
  5874 | D:6      | Found a runed translucent gate.
  5874 | D:6      | Found a runed translucent gate.
  5874 | D:6      | Found a runed translucent gate.
  6517 | D:7      | Reached skill level 5 in Fighting
  6517 | D:7      | Reached skill level 5 in Armour
  6517 | D:7      | Reached skill level 5 in Dodging
  6517 | D:7      | Reached XP level 9. HP: 28/74 MP: 11/11
  7395 | D:7      | Reached skill level 9 in Unarmed Combat
  8423 | D:6      | Killed Nebesus's ghost
  8727 | D:8      | Found a flagged portal.
  8782 | Bailey   | Entered a bailey
  8867 | Bailey   | Noticed an orc warlord
  8919 | Bailey   | Found a runed translucent gate.
  8919 | Bailey   | Found a runed translucent gate.
  8919 | Bailey   | Found a runed translucent gate.
  9140 | Bailey   | Killed an orc warlord
  9141 | Bailey   | Reached XP level 10. HP: 13/83 MP: 13/13
  9510 | Bailey   | Identified the ring "Icvuly" {rN++ rCorr Str+10 Int-2}
  9513 | Bailey   | Identified a scroll of acquirement
  9513 | Bailey   | Acquired 1078 gold pieces
  9516 | Bailey   | Reached skill level 12 in Unarmed Combat
  9516 | Bailey   | Reached XP level 11. HP: 89/89 MP: 14/14
 10410 | D:9      | Noticed a two-headed ogre
 10428 | D:9      | Killed a two-headed ogre
 10529 | D:9      | Reached skill level 13 in Unarmed Combat
 10543 | D:9      | Noticed Erolcha
 10546 | D:9      | Cast into level 1 of the Abyss (Erolcha)
 10613 | Abyss:1  | Noticed a wretched star
 10629 | Abyss:1  | Killed a wretched star
 10630 | Abyss:1  | Noticed a tentacled starspawn
 10644 | Abyss:1  | HP: 3/72 [tentacled starspawn (9)]
 10645 | Abyss:1  | HP: 1/72 [starspawn tentacle[a tentacled starspawn] (2)]
 10648 | Abyss:1  | Slain by a starspawn tentacle

Illustrated notes

Levels and vault maps discovered:
D:1:      wander_arrival_fairy_ring, layout_rooms
D:2:      layout_loops_corners, grunt_temple_overflow_gold_and_silver,
          nicolae_vehumet_radiance, serial_aquarium, aquarium_bridge_square
          [aquarium_subvault_bridge, aquarium_subvault_bridge,
          aquarium_subvault_bridge, aquarium_subvault_bridge],
          aquarium_bridge_long_joined [aquarium_subvault_wall,
          aquarium_subvault_balcony, aquarium_subvault_bridge,
          aquarium_subvault_wall, aquarium_subvault_bridge,
          aquarium_subvault_wall], aquarium_window_3, aquarium_window_fake,
          aquarium_window_fake, aquarium_view_2c, aquarium_view_2f,
          aquarium_balcony_3b, uniq_terence
D:3:      layout_rooms, marbit_many_paths, nicolae_qazlal_scattered_showers,
          serial_forest, infiniplex_forest_clump_diagonal,
          infiniplex_forest_lined_corner, infiniplex_forest_clump_medium,
          infiniplex_forest_lined_2, infiniplex_forest_lined_2, uniq_sigmund
D:4:      layout_cave_pools
D:5:      layout_gridville, general_overflow_altar,
          minmay_temple_entry_large_hall, uniq_pikel
D:6:      wander_river, layout_rooms, gammafunk_ghost_split
D:7:      layout_basic, lemuel_doored_altar, amethyst_killhole,
          cheibriados_altar_1
D:8:      layout_loops_cross, nicolae_overflow_crystal_walls, enter_bailey_4
D:9:      layout_loops_ring, uniq_erolcha
Abyss:1:  base:
D:2

Skill      XL: |  1  2  3  4  5  6  7  8  9 10 11 |
---------------+----------------------------------+-----
Unarmed Combat | 3 4 6 7 8 9 12 13 | 13.1
Fighting       | 2 3 4 5 6 |  6.7
Dodging        | 3 4 5 6 |  6.7
Armour         | 1 3 4 5 6 |  6.7
Throwing       | |  1.7

Action                   |  1- 3 |  4- 6 |  7- 9 | 10-12 || total
-------------------------+-------+-------+-------+-------++-------
Melee: Unarmed           |   144 |   188 |   554 |    79 ||   965
       Punch             |     3 |     5 |    45 |    12 ||    65
Throw: Throwing net      |     2 |     1 |       |       ||     3
       Dart              |       |     1 |    36 |       ||    37
       Boomerang         |       |       |     9 |       ||     9
Evoke: Wand              |       |     1 |     2 |       ||     3
  Use: Scroll            |     7 |     6 |    14 |     4 ||    31
       Potion            |       |       |     1 |     2 ||     3
 Stab: Sleeping          |     3 |       |       |       ||     3
       Held in net/web   |     1 |     2 |       |       ||     3
Armor: Leather armour    |    36 |       |       |       ||    36
       Chain mail        |       |    91 |     8 |       ||    99
       Plate armour      |       |       |    19 |    20 ||    39
       Scale mail        |       |       |   192 |     2 ||   194
Dodge: Dodged            |    84 |   100 |   322 |    37 ||   543

Table legend: (Time is in decaauts)
 A = Elapsed time spent in this place.
 B = Non-inter-level travel time spent in this place.
 C = Inter-level travel time spent in this place.
 D = Time resting spent in this place.
 E = Time spent auto-exploring this place.
 F = Levels seen in this place.
 G = Mean time per level.
                   A        B        C        D        E       F      G
               +--------+--------+--------+--------+--------+-----+--------+
         Total |  10560 |   9983 |    577 |   3107 |   4902 |  11 |  960.0 |
       Dungeon |   9692 |   9115 |    577 |   2787 |   4633 |   9 | 1076.9 |
         Abyss |     97 |     97 |      0 |      2 |     64 |   1 |   97.0 |
        Bailey |    771 |    771 |      0 |    318 |    205 |   1 |  771.0 |
               +--------+--------+--------+--------+--------+-----+--------+

Top non-repeatable levels by time:
     D:7: 2000 daAuts
     D:2: 1362 daAuts
     D:5: 1292 daAuts
     D:4: 1251 daAuts
     D:1: 1095 daAuts
     D:6: 895 daAuts
     D:8: 810 daAuts
  Bailey: 771 daAuts
     D:3: 668 daAuts
     D:9: 316 daAuts
 Abyss:1: 97 daAuts
